RedWings vs Canucks

Created - February 20, 2015 at 18:46

Goals
1 2 3 T
RedWings 1 2 0 3
Canucks 2 1 2 5
Shots
1 2 3 T
RedWings 2 7 1 10
Canucks 24 7 15 46

1st period

1. RedWings , Loui Eriksson 20 (Jake Gardiner, Sam Gagner) at 0:24
2. Canucks , Ryan Johansen 18 (Claude Giroux, Andrei Markov) at 8:15
3. Canucks , Jonas Brodin 5 (Nazem Kadri, Brent Burns) at 8:58

Penalties :
Tuomo Ruutu (DET) for Roughing (Minor) at 4:40, Eric Brewer (DET) for Hooking (Minor) at 12:28, Sean Bergenheim (DET) for Hooking (Minor) at 16:49

2nd period

4. RedWings , Loui Eriksson 21 (Eric Brewer, Sam Gagner) at 0:16
5. Canucks , Phil Kessel 22 (Erik Karlsson, Logan Couture) at 4:34
6. RedWings , Erik Haula 2 (Tuomo Ruutu, Eric Gryba) at 18:30

Penalties :
P.K. Subban (VAN) for Holding (Minor) at 12:59, Eric Brewer (DET) for Elbowing (Minor) at 18:57, Eric Gryba (DET) for High sticking (Double Minor) at 19:26

3rd period

7. Canucks , Claude Giroux 27 (P.K. Subban, Ryan Johansen) at 12:17
8. Canucks , Jonas Brodin 6 (Claude Giroux, Ryan Johansen) at 19:59 (Empty Net)

Penalties :
Mark Fraser (DET) for Hooking (Minor) at 9:03

Goalie Stats

Roberto Luongo (DET), 41 saves from 45 shots - (0.911), L, 21-15-4, 59:27 minutes
Dustin Tokarski (VAN), 7 saves from 10 shots - (0.700), W, 8-3-1, 60:00 minutes

Players Stats for RedWings

Player Name              G  A  P  +/- PIM S  H  SB GA TA FO     MP     PP MP  PK MP  
------------------------------------------------------------------------------------
Alexandre Burrows        0  0  0  -1  0   1  3  0  0  0  0/1    16:52   1:07   3:58 
Andrew Cogliano          0  0  0  -2  0   0  0  0  0  0  5/17   19:58   0:00   7:05 
Chris Summers            0  0  0   0  0   0  1  0  0  0  0/0     8:19   0:00   4:58 
Eric Brewer              0  1  1  -1  4   1  3  3  0  0  0/0    24:32   0:59   4:01 
Eric Gryba               0  1  1  -1  4   0  2  3  0  0  0/0    18:26   0:00   3:42 
Erik Haula               1  0  1   1  0   2  0  0  0  0  2/10    7:49   0:00   1:30 
Hal Gill                 0  0  0   0  0   0  0  0  0  0  0/0     9:21   0:00   0:00 
Jake Gardiner            0  1  1   0  0   0  0  3  0  0  0/0    23:55   1:00   6:24 
Joe Thornton             0  0  0  -3  0   3  0  0  0  0  9/17   15:02   1:07   0:37 
Loui Eriksson            2  0  2  -1  0   2  0  0  0  0  0/1    24:02   1:07   6:24 
Mark Fraser              0  0  0  -2  2   0  0  1  0  0  0/0     8:47   0:59   0:00 
Paul Martin              0  0  0   0  0   0  2  6  0  0  0/0    26:36   1:00   5:42 
Sam Gagner               0  2  2   0  0   0  0  0  0  0  10/17  19:52   0:52   2:56 
Sean Bergenheim          0  0  0   0  2   0  4  0  0  0  0/0    16:03   0:00   0:00 
Sean Monahan             0  0  0   0  0   0  0  0  0  0  5/11    9:56   0:00   0:00 
Tuomo Ruutu              0  1  1  -1  2   1  4  0  0  0  0/0    20:02   0:52   0:48 
Tyler Toffoli            0  0  0   1  0   0  0  0  0  0  0/0    16:28   0:52   0:00 
Ville Leino              0  0  0   0  0   0  0  0  0  0  0/0     0:00   0:00   0:00 

Players Stats for Canucks

Player Name              G  A  P  +/- PIM S  H  SB GA TA FO     MP     PP MP  PK MP  
------------------------------------------------------------------------------------
Adam Henrique            0  0  0   0  0   0  0  0  0  0  0/0    14:35   0:00   0:28 
Alex Pietrangelo         0  0  0   0  0   2  0  0  0  0  0/0    21:31   5:41   1:31 
Andrei Markov            0  1  1   1  0   0  0  0  0  0  0/0    14:00   0:00   1:31 
Brent Burns              0  1  1   1  0   7  1  0  0  0  0/1    21:36   6:43   0:00 
Chris Kreider            0  0  0   1  0   0  1  0  0  0  1/1    14:58   0:00   0:00 
Claude Giroux            1  2  3   0  0   4  2  0  0  0  19/31  21:38   7:26   0:00 
Dmitry Kulikov           0  0  0   0  0   0  2  0  0  0  0/0     3:02   0:00   0:00 
Erik Karlsson            0  1  1   0  0   3  3  1  0  0  0/0    21:56   6:43   0:00 
Jonas Brodin             2  0  2   2  0   2  4  0  0  0  0/0    16:28   0:00   0:28 
Justin Braun             0  0  0   1  0   1  4  1  0  0  0/0    16:20   0:00   0:28 
Logan Couture            0  1  1   1  0   4  0  0  0  0  14/22  16:25   4:58   1:31 
Marcus Kruger            0  0  0   0  0   1  0  0  0  0  1/2     7:09   0:00   0:28 
Nazem Kadri              0  1  1   1  0   2  1  0  0  0  5/12   19:51   4:58   0:00 
P.K. Subban              0  1  1   0  2   4  2  0  0  0  0/0    19:59   5:41   0:00 
Phil Kessel              1  0  1   1  0   9  0  0  0  0  1/1    23:58   7:26   0:00 
Ryan Johansen            1  2  3   0  0   4  3  0  0  0  1/1    21:33   7:26   0:00 
Ryan OReilly             0  0  0   1  0   2  0  0  0  0  1/3    16:25   4:58   1:31 
Vladimir Sobotka         0  0  0   0  0   1  2  0  0  0  0/0     6:36   0:00   0:00 

3 Stars

1 - Jonas Brodin (VAN)
2 - Ryan Johansen (VAN)
3 - Claude Giroux (VAN)

Power Play

RedWings - 0 on 1 Attempt(s) - 0.00%
Canucks - 0 on 7 Attempt(s) - 0.00%

Penalty Kill

RedWings - 7 on 7 Attempt(s) - 100.00% - Score 0 goal in Penalty Kill
Canucks - 1 on 1 Attempt(s) - 100.00% - Score 0 goal in Penalty Kill

Team Stat

RedWings - Hits : 19 - Faceoff Wins : 31 - Blocked Shots : 16 - Penalty Minutes : 14
Canucks - Hits : 25 - Faceoff Wins : 43 - Blocked Shots : 2 - Penalty Minutes : 2

Official

Referees : Don VanMassenhoven and Frederick L'Ecuyer
Linesman : Vaughan Rody and Steve Barton

Game Notes

Jonas Brodin has scored in a empty net!

Finance

Level 1 -- Attendance: 6500 (100.00%) -- Ticket Income $520,000
Level 2 -- Attendance: 4681 (93.62%) -- Ticket Income $304,265
Level 3 -- Attendance: 3056 (87.31%) -- Ticket Income $152,800
Level 4 -- Attendance: 2860 (100.00%) -- Ticket Income $71,500
Luxury Box -- Attendance: 699 (69.90%) -- Ticket Income $174,750
Game was played at the Rogers Arena'
Total Attendance: 17796 (94.36%)
Total Ticket Income: $1,223,315
Other Income: $183,497
Total Income: $1,406,812

% Time on Ice - RedWings

Lines # - Real PCT - Wanted PCT - Time Play
Normal Forward
1 - 36% - 45% - 16:04
2 - 29% - 35% - 12:53
3 - 22% - 15% - 9:56
4 - 14% - 5% - 6:19
Normal Defense
1 - 35% - 40% - 15:40
2 - 29% - 30% - 13:16
3 - 19% - 20% - 8:27
4 - 17% - 10% - 7:49
PP Forward
1 - 56% - 60% - 1:07
2 - 44% - 40% - 0:52
PP Defense
1 - 50% - 60% - 1:00
2 - 50% - 40% - 0:59
PK Forward
1 - 68% - 60% - 7:25
2 - 32% - 40% - 3:29
PK Defense
1 - 53% - 60% - 5:44
2 - 47% - 40% - 5:10
PK3 Forward
1 - 100% - 60% - 1:30
2 - 0% - 40% - 0:00
PK3 Defense
1 - 74% - 60% - 1:07
2 - 26% - 40% - 0:23
44 Forward
1 - 0% - 60%
2 - 0% - 40%
44 Defense
1 - 0% - 60%
2 - 0% - 40%
Last Minute Offensive  - 0:25
Last Minute Defensive  - 0:00
Total
Forward - 60:00
Defense - 60:00

% Time on Ice - Canucks

Lines # - Real PCT - Wanted PCT - Time Play
Normal Forward
1 - 31% - 34% - 13:59
2 - 22% - 31% - 9:56
3 - 33% - 25% - 14:53
4 - 15% - 10% - 6:36
Normal Defense
1 - 32% - 34% - 14:19
2 - 27% - 32% - 12:16
3 - 35% - 25% - 15:52
4 - 6% - 9% - 2:57
PP Forward
1 - 60% - 60% - 7:26
2 - 40% - 40% - 4:58
PP Defense
1 - 54% - 62% - 6:43
2 - 46% - 38% - 5:41
PK Forward
1 - 76% - 60% - 1:31
2 - 24% - 40% - 0:28
PK Defense
1 - 76% - 50% - 1:31
2 - 24% - 50% - 0:28
PK3 Forward
1 - 0% - 60%
2 - 0% - 40%
PK3 Defense
1 - 0% - 60%
2 - 0% - 40%
44 Forward
1 - 0% - 52%
2 - 0% - 48%
44 Defense
1 - 0% - 51%
2 - 0% - 49%
Last Minute Offensive  - 0:00
Last Minute Defensive  - 0:13
Total
Forward - 60:00
Defense - 60:00

Play by Play

1st period


0:01 of 1st period - Sam Gagner wins face-off versus Claude Giroux in neutral zone.
0:24 of 1st period - Shot by Loui Eriksson.
0:24 of 1st period - Goal by Loui Eriksson - RedWings : 1 - Canucks : 0.
0:25 of 1st period - Joe Thornton wins face-off versus Logan Couture in neutral zone.
1:02 of 1st period - Shot by Phil Kessel.
1:02 of 1st period - Shot Misses the Net.
1:04 of 1st period - Shot by Logan Couture.
1:04 of 1st period - Stopped by Roberto Luongo without a rebound.
1:05 of 1st period - Nazem Kadri wins face-off versus Sean Monahan in RedWings zone.
1:31 of 1st period - Tyler Toffoli is hit by Justin Braun and loses puck.
1:44 of 1st period - Shot by Nazem Kadri.
1:44 of 1st period - Stopped by Roberto Luongo without a rebound.
1:45 of 1st period - Sam Gagner wins face-off versus Claude Giroux in RedWings zone.
1:52 of 1st period - Shot by Ryan Johansen.
1:52 of 1st period - Deflect By Adam Henrique.
1:52 of 1st period - Shot Misses the Net.
2:05 of 1st period - Claude Giroux is hit by Paul Martin and loses puck.
2:28 of 1st period - Shot by Claude Giroux.
2:28 of 1st period - Stopped by Roberto Luongo without a rebound.
2:29 of 1st period - Marcus Kruger wins face-off versus Joe Thornton in RedWings zone.
2:29 of 1st period - Dmitry Kulikov is hit by Eric Brewer and loses puck.
2:40 of 1st period - Shot by Phil Kessel.
2:40 of 1st period - Stopped by Roberto Luongo without a rebound.
2:41 of 1st period - Logan Couture wins face-off versus Erik Haula in RedWings zone.
3:14 of 1st period - Shot by Ryan OReilly.
3:14 of 1st period - Shot Blocked by Jake Gardiner.
3:16 of 1st period - Shot by Logan Couture.
3:16 of 1st period - Stopped by Roberto Luongo with a rebound.
3:18 of 1st period - Shot by Andrei Markov.
3:18 of 1st period - Shot Misses the Net.
3:37 of 1st period - Eric Brewer is hit by Justin Braun and loses puck.
4:40 of 1st period - Minor Penalty to Tuomo Ruutu for Roughing.
4:41 of 1st period - Andrew Cogliano wins face-off versus Claude Giroux in RedWings zone.
4:50 of 1st period - Andrew Cogliano is hit by Ryan Johansen and loses puck.
5:03 of 1st period - Shot by P.K. Subban.
5:03 of 1st period - Stopped by Roberto Luongo without a rebound.
5:04 of 1st period - Logan Couture wins face-off versus Andrew Cogliano in RedWings zone.
5:05 of 1st period - Shot by Alex Pietrangelo.
5:05 of 1st period - Shot Misses the Net.
5:07 of 1st period - Shot by Ryan OReilly.
5:07 of 1st period - Stopped by Roberto Luongo with a rebound.
5:22 of 1st period - Ryan OReilly is hit by Eric Gryba.
5:55 of 1st period - Off-side.
5:56 of 1st period - Andrew Cogliano wins face-off versus Claude Giroux in neutral zone.
6:02 of 1st period - Icing by Claude Giroux.
6:03 of 1st period - Claude Giroux wins face-off versus Sam Gagner in Canucks zone.
6:08 of 1st period - Shot by Erik Karlsson.
6:08 of 1st period - Shot Misses the Net.
6:10 of 1st period - Shot by Brent Burns.
6:10 of 1st period - Stopped by Roberto Luongo with a rebound.
6:12 of 1st period - Shot by Claude Giroux.
6:12 of 1st period - Stopped by Roberto Luongo without a rebound.
6:13 of 1st period - Claude Giroux wins face-off versus Andrew Cogliano in RedWings zone.
6:36 of 1st period - Shot by Erik Karlsson.
6:36 of 1st period - Stopped by Roberto Luongo without a rebound.
6:37 of 1st period - Logan Couture wins face-off versus Alexandre Burrows in RedWings zone.
6:37 of 1st period - Logan Couture is hit by Paul Martin.
6:52 of 1st period - Shot by Vladimir Sobotka.
6:52 of 1st period - Stopped by Roberto Luongo with a rebound.
7:01 of 1st period - Tyler Toffoli is hit by P.K. Subban and loses puck.
7:16 of 1st period - Shot by Marcus Kruger.
7:16 of 1st period - Stopped by Roberto Luongo with a rebound.
7:57 of 1st period - Shot by Ryan Johansen.
7:57 of 1st period - Shot Misses the Net.
8:05 of 1st period - Shot by Ryan Johansen.
8:05 of 1st period - Stopped by Roberto Luongo with a rebound.
8:15 of 1st period - Shot by Ryan Johansen.
8:15 of 1st period - Goal by Ryan Johansen - RedWings : 1 - Canucks : 1.
8:16 of 1st period - Sam Gagner wins face-off versus Nazem Kadri in neutral zone.
8:41 of 1st period - Loui Eriksson is hit by Jonas Brodin and loses puck.
8:56 of 1st period - Shot by Brent Burns.
8:56 of 1st period - Deflect By Nazem Kadri.
8:56 of 1st period - Shot Misses the Net.
8:58 of 1st period - Shot by Jonas Brodin.
8:58 of 1st period - Goal by Jonas Brodin - RedWings : 1 - Canucks : 2.
8:59 of 1st period - Claude Giroux wins face-off versus Joe Thornton in neutral zone.
9:04 of 1st period - Shot by Erik Karlsson.
9:04 of 1st period - Stopped by Roberto Luongo without a rebound.
9:05 of 1st period - Joe Thornton wins face-off versus Claude Giroux in RedWings zone.
9:20 of 1st period - Tuomo Ruutu is hit by Claude Giroux.
9:42 of 1st period - Shot by Joe Thornton.
9:42 of 1st period - Stopped by Dustin Tokarski without a rebound.
9:43 of 1st period - Logan Couture wins face-off versus Sam Gagner in Canucks zone.
10:04 of 1st period - Shot by Logan Couture.
10:04 of 1st period - Stopped by Roberto Luongo with a rebound.
10:06 of 1st period - Shot by P.K. Subban.
10:06 of 1st period - Shot Misses the Net.
10:21 of 1st period - Icing by Eric Gryba.
10:22 of 1st period - Claude Giroux wins face-off versus Sam Gagner in RedWings zone.
10:36 of 1st period - Shot by Ryan Johansen.
10:36 of 1st period - Shot Blocked by Paul Martin.
10:38 of 1st period - Shot by Claude Giroux.
10:38 of 1st period - Deflect By Ryan Johansen.
10:38 of 1st period - Shot Blocked by Eric Gryba.
11:03 of 1st period - Icing by Eric Gryba.
11:04 of 1st period - Sam Gagner wins face-off versus Logan Couture in RedWings zone.
11:18 of 1st period - Shot by Phil Kessel.
11:18 of 1st period - Stopped by Roberto Luongo without a rebound.
11:19 of 1st period - Joe Thornton wins face-off versus Nazem Kadri in RedWings zone.
11:19 of 1st period - Joe Thornton is hit by Brent Burns.
11:32 of 1st period - Andrew Cogliano is hit by Jonas Brodin and loses puck.
11:41 of 1st period - Shot by Joe Thornton.
11:41 of 1st period - Deflect By Andrew Cogliano.
11:41 of 1st period - Shot Misses the Net.
11:48 of 1st period - Brent Burns is hit by Eric Brewer and loses puck.
12:16 of 1st period - Eric Brewer is hit by Erik Karlsson and loses puck.
12:28 of 1st period - Minor Penalty to Eric Brewer for Hooking.
12:29 of 1st period - Sam Gagner wins face-off versus Claude Giroux in RedWings zone.
13:02 of 1st period - Shot by Phil Kessel.
13:02 of 1st period - Stopped by Roberto Luongo without a rebound.
13:03 of 1st period - Nazem Kadri wins face-off versus Andrew Cogliano in RedWings zone.
13:12 of 1st period - Shot by Brent Burns.
13:12 of 1st period - Stopped by Roberto Luongo without a rebound.
13:13 of 1st period - Logan Couture wins face-off versus Andrew Cogliano in RedWings zone.
13:16 of 1st period - Shot by Brent Burns.
13:16 of 1st period - Stopped by Roberto Luongo without a rebound.
13:17 of 1st period - Claude Giroux wins face-off versus Andrew Cogliano in RedWings zone.
13:38 of 1st period - Shot by Ryan Johansen.
13:38 of 1st period - Shot Misses the Net.
15:51 of 1st period - Shot by Alex Pietrangelo.
15:51 of 1st period - Stopped by Roberto Luongo without a rebound.
15:52 of 1st period - Sean Monahan wins face-off versus Claude Giroux in RedWings zone.
15:59 of 1st period - Shot by Alexandre Burrows.
15:59 of 1st period - Shot Misses the Net.
16:06 of 1st period - Off-side.
16:07 of 1st period - Joe Thornton wins face-off versus Nazem Kadri in neutral zone.
16:16 of 1st period - Alex Pietrangelo is hit by Tuomo Ruutu and loses puck.
16:22 of 1st period - Icing by P.K. Subban.
16:23 of 1st period - Sam Gagner wins face-off versus Nazem Kadri in Canucks zone.
16:42 of 1st period - Shot by Nazem Kadri.
16:42 of 1st period - Deflect By Brent Burns.
16:42 of 1st period - Shot Hit the Post.
16:49 of 1st period - Minor Penalty to Sean Bergenheim for Hooking.
16:50 of 1st period - Claude Giroux wins face-off versus Andrew Cogliano in RedWings zone.
16:57 of 1st period - Shot by Erik Karlsson.
16:57 of 1st period - Shot Misses the Net.
17:12 of 1st period - Off-side.
17:13 of 1st period - Logan Couture wins face-off versus Sam Gagner in neutral zone.
17:15 of 1st period - Off-side.
17:16 of 1st period - Logan Couture wins face-off versus Andrew Cogliano in neutral zone.
17:32 of 1st period - Shot by Alex Pietrangelo.
17:32 of 1st period - Shot Misses the Net.
18:04 of 1st period - Shot by Alex Pietrangelo.
18:04 of 1st period - Stopped by Roberto Luongo without a rebound.
18:05 of 1st period - Sam Gagner wins face-off versus Claude Giroux in RedWings zone.
18:28 of 1st period - Shot by Brent Burns.
18:28 of 1st period - Stopped by Roberto Luongo with a rebound.
19:03 of 1st period - Erik Haula is hit by Justin Braun and loses puck.
19:07 of 1st period - Tyler Toffoli is hit by Jonas Brodin and loses puck.
19:17 of 1st period - Tuomo Ruutu is hit by Justin Braun.
19:44 of 1st period - Jonas Brodin is hit by Sean Bergenheim and loses puck.
Goals for this period are 1 for RedWings vs 2 for Canucks.
Shots for this period are 2 for RedWings vs 24 for Canucks.

2nd period


0:01 of 2nd period - Claude Giroux wins face-off versus Loui Eriksson in neutral zone.
0:01 of 2nd period - Claude Giroux is hit by Sean Bergenheim.
0:10 of 2nd period - Shot by Sam Gagner.
0:10 of 2nd period - Shot Misses the Net.
0:16 of 2nd period - Shot by Loui Eriksson.
0:16 of 2nd period - Goal by Loui Eriksson - RedWings : 2 - Canucks : 2.
0:17 of 2nd period - Andrew Cogliano wins face-off versus Logan Couture in neutral zone.
0:51 of 2nd period - Shot by Ryan OReilly.
0:51 of 2nd period - Shot Blocked by Paul Martin.
1:03 of 2nd period - Shot by Ryan OReilly.
1:03 of 2nd period - Deflect By Logan Couture.
1:03 of 2nd period - Shot Misses the Net.
1:05 of 2nd period - Shot by P.K. Subban.
1:05 of 2nd period - Stopped by Roberto Luongo without a rebound.
1:06 of 2nd period - Sam Gagner wins face-off versus Claude Giroux in RedWings zone.
1:11 of 2nd period - Claude Giroux is hit by Sean Bergenheim and loses puck.
1:17 of 2nd period - Andrei Markov is hit by Sean Bergenheim and loses puck.
2:36 of 2nd period - Shot by Brent Burns.
2:36 of 2nd period - Shot Blocked by Eric Brewer.
2:38 of 2nd period - Shot by Justin Braun.
2:38 of 2nd period - Shot Misses the Net.
2:58 of 2nd period - Shot by Andrew Cogliano.
2:58 of 2nd period - Shot Misses the Net.
3:12 of 2nd period - Justin Braun is hit by Tuomo Ruutu and loses puck.
3:43 of 2nd period - Icing by Justin Braun.
3:44 of 2nd period - Sean Monahan wins face-off versus Nazem Kadri in Canucks zone.
4:18 of 2nd period - Shot by Tyler Toffoli.
4:18 of 2nd period - Shot Misses the Net.
4:20 of 2nd period - Shot by Alexandre Burrows.
4:20 of 2nd period - Stopped by Dustin Tokarski without a rebound.
4:21 of 2nd period - Joe Thornton wins face-off versus Logan Couture in Canucks zone.
4:32 of 2nd period - Shot by Phil Kessel.
4:32 of 2nd period - Shot Blocked by Eric Gryba.
4:34 of 2nd period - Shot by Phil Kessel.
4:34 of 2nd period - Goal by Phil Kessel - RedWings : 2 - Canucks : 3.
4:35 of 2nd period - Claude Giroux wins face-off versus Erik Haula in neutral zone.
4:50 of 2nd period - Shot by Adam Henrique.
4:50 of 2nd period - Shot Blocked by Mark Fraser.
4:52 of 2nd period - Shot by P.K. Subban.
4:52 of 2nd period - Shot Misses the Net.
4:59 of 2nd period - Eric Brewer is hit by P.K. Subban and loses puck.
5:44 of 2nd period - Shot by Ryan OReilly.
5:44 of 2nd period - Shot Misses the Net.
5:46 of 2nd period - Shot by Ryan OReilly.
5:46 of 2nd period - Stopped by Roberto Luongo without a rebound.
5:47 of 2nd period - Sam Gagner wins face-off versus Marcus Kruger in RedWings zone.
5:47 of 2nd period - Sam Gagner is hit by Vladimir Sobotka.
5:52 of 2nd period - Loui Eriksson is hit by Erik Karlsson and loses puck.
6:02 of 2nd period - Sam Gagner is hit by Dmitry Kulikov and loses puck.
6:40 of 2nd period - Off-side.
6:41 of 2nd period - Claude Giroux wins face-off versus Sean Monahan in neutral zone.
7:07 of 2nd period - Shot by Alexandre Burrows.
7:07 of 2nd period - Shot Misses the Net.
7:55 of 2nd period - Justin Braun is hit by Eric Brewer and loses puck.
8:03 of 2nd period - Icing by Jake Gardiner.
8:04 of 2nd period - Logan Couture wins face-off versus Joe Thornton in RedWings zone.
8:09 of 2nd period - Shot by Phil Kessel.
8:09 of 2nd period - Shot Misses the Net.
8:45 of 2nd period - Logan Couture is hit by Alexandre Burrows and loses puck.
9:55 of 2nd period - Icing by Eric Gryba.
9:56 of 2nd period - Sean Monahan wins face-off versus Nazem Kadri in RedWings zone.
12:05 of 2nd period - Icing by Jake Gardiner.
12:06 of 2nd period - Sam Gagner wins face-off versus Logan Couture in RedWings zone.
12:14 of 2nd period - Icing by Hal Gill.
12:15 of 2nd period - Logan Couture wins face-off versus Sam Gagner in RedWings zone.
12:52 of 2nd period - Shot by Alexandre Burrows.
12:52 of 2nd period - Shot Misses the Net.
12:54 of 2nd period - Shot by Eric Brewer.
12:54 of 2nd period - Stopped by Dustin Tokarski without a rebound.
12:55 of 2nd period - Claude Giroux wins face-off versus Joe Thornton in Canucks zone.
12:55 of 2nd period - P.K. Subban is hit by Tuomo Ruutu and loses puck.
12:59 of 2nd period - Minor Penalty to P.K. Subban for Holding.
13:00 of 2nd period - Joe Thornton wins face-off versus Ryan OReilly in Canucks zone.
13:07 of 2nd period - Shot by Joe Thornton.
13:07 of 2nd period - Stopped by Dustin Tokarski without a rebound.
13:08 of 2nd period - Ryan OReilly wins face-off versus Sam Gagner in Canucks zone.
13:08 of 2nd period - Ryan OReilly is hit by Tuomo Ruutu.
14:19 of 2nd period - Shot by Loui Eriksson.
14:19 of 2nd period - Deflect By Joe Thornton.
14:19 of 2nd period - Stopped by Dustin Tokarski without a rebound.
14:20 of 2nd period - Joe Thornton wins face-off versus Ryan OReilly in Canucks zone.
15:07 of 2nd period - Tyler Toffoli is hit by Dmitry Kulikov and loses puck.
15:50 of 2nd period - Eric Gryba is hit by Ryan Johansen and loses puck.
18:01 of 2nd period - Shot by Claude Giroux.
18:01 of 2nd period - Stopped by Roberto Luongo without a rebound.
18:02 of 2nd period - Logan Couture wins face-off versus Sean Monahan in RedWings zone.
18:05 of 2nd period - Shot by Ryan OReilly.
18:05 of 2nd period - Shot Misses the Net.
18:07 of 2nd period - Shot by Logan Couture.
18:07 of 2nd period - Shot Blocked by Eric Gryba.
18:09 of 2nd period - Shot by Phil Kessel.
18:09 of 2nd period - Shot Misses the Net.
18:11 of 2nd period - Shot by Phil Kessel.
18:11 of 2nd period - Stopped by Roberto Luongo without a rebound.
18:12 of 2nd period - Claude Giroux wins face-off versus Erik Haula in RedWings zone.
18:28 of 2nd period - Shot by Tuomo Ruutu.
18:28 of 2nd period - Stopped by Dustin Tokarski with a rebound.
18:30 of 2nd period - Shot by Erik Haula.
18:30 of 2nd period - Goal by Erik Haula - RedWings : 3 - Canucks : 3.
18:31 of 2nd period - Nazem Kadri wins face-off versus Joe Thornton in neutral zone.
18:46 of 2nd period - Shot by Brent Burns.
18:46 of 2nd period - Stopped by Roberto Luongo with a rebound.
18:54 of 2nd period - Shot by Nazem Kadri.
18:54 of 2nd period - Shot Misses the Net.
18:57 of 2nd period - Minor Penalty to Eric Brewer for Elbowing.
18:58 of 2nd period - Andrew Cogliano wins face-off versus Claude Giroux in RedWings zone.
19:02 of 2nd period - Paul Martin is hit by Erik Karlsson and loses puck.
19:14 of 2nd period - Brent Burns is hit by Eric Gryba and loses puck.
19:26 of 2nd period - Double Minor Penalty to Eric Gryba for High sticking.
19:27 of 2nd period - Erik Haula wins face-off versus Logan Couture in RedWings zone.
19:27 of 2nd period - Erik Haula is hit by Nazem Kadri.
19:52 of 2nd period - Shot by Alex Pietrangelo.
19:52 of 2nd period - Shot Blocked by Paul Martin.
19:54 of 2nd period - Shot by P.K. Subban.
19:54 of 2nd period - Stopped by Roberto Luongo without a rebound.
19:55 of 2nd period - Claude Giroux wins face-off versus Erik Haula in RedWings zone.
19:58 of 2nd period - Shot by Phil Kessel.
19:58 of 2nd period - Shot Misses the Net.
Goals for this period are 2 for RedWings vs 1 for Canucks.
Shots for this period are 7 for RedWings vs 7 for Canucks.

3rd period


0:01 of 3rd period - Claude Giroux wins face-off versus Erik Haula in neutral zone.
0:04 of 3rd period - Shot by Erik Karlsson.
0:04 of 3rd period - Shot Blocked by Paul Martin.
0:12 of 3rd period - Shot by Claude Giroux.
0:12 of 3rd period - Shot Misses the Net.
0:14 of 3rd period - Shot by Phil Kessel.
0:14 of 3rd period - Shot Misses the Net.
0:16 of 3rd period - Shot by Claude Giroux.
0:16 of 3rd period - Shot Misses the Net.
0:18 of 3rd period - Shot by Phil Kessel.
0:18 of 3rd period - Stopped by Roberto Luongo without a rebound.
0:19 of 3rd period - Erik Haula wins face-off versus Logan Couture in RedWings zone.
0:30 of 3rd period - Off-side.
0:31 of 3rd period - Claude Giroux wins face-off versus Erik Haula in neutral zone.
0:34 of 3rd period - Shot by Phil Kessel.
0:34 of 3rd period - Stopped by Roberto Luongo without a rebound.
0:35 of 3rd period - Claude Giroux wins face-off versus Erik Haula in RedWings zone.
0:36 of 3rd period - Shot by Ryan Johansen.
0:36 of 3rd period - Stopped by Roberto Luongo without a rebound.
0:37 of 3rd period - Claude Giroux wins face-off versus Erik Haula in RedWings zone.
1:18 of 3rd period - Icing by Brent Burns.
1:19 of 3rd period - Claude Giroux wins face-off versus Andrew Cogliano in Canucks zone.
1:32 of 3rd period - Shot by Phil Kessel.
1:32 of 3rd period - Stopped by Roberto Luongo without a rebound.
1:33 of 3rd period - Logan Couture wins face-off versus Andrew Cogliano in RedWings zone.
1:33 of 3rd period - Logan Couture is hit by Chris Summers.
1:46 of 3rd period - Icing by P.K. Subban.
1:47 of 3rd period - Logan Couture wins face-off versus Andrew Cogliano in Canucks zone.
2:03 of 3rd period - Shot by P.K. Subban.
2:03 of 3rd period - Stopped by Roberto Luongo without a rebound.
2:04 of 3rd period - Claude Giroux wins face-off versus Andrew Cogliano in RedWings zone.
2:13 of 3rd period - Shot by Ryan Johansen.
2:13 of 3rd period - Stopped by Roberto Luongo with a rebound.
2:19 of 3rd period - Shot by Brent Burns.
2:19 of 3rd period - Stopped by Roberto Luongo with a rebound.
3:50 of 3rd period - Shot by Erik Haula.
3:50 of 3rd period - Stopped by Dustin Tokarski without a rebound.
3:51 of 3rd period - Nazem Kadri wins face-off versus Sean Monahan in Canucks zone.
4:11 of 3rd period - Icing by Jake Gardiner.
4:12 of 3rd period - Sean Monahan wins face-off versus Claude Giroux in RedWings zone.
4:14 of 3rd period - Icing by Jake Gardiner.
4:15 of 3rd period - Claude Giroux wins face-off versus Sean Monahan in RedWings zone.
4:58 of 3rd period - Sean Monahan is hit by Ryan Johansen and loses puck.
6:40 of 3rd period - Shot by Sam Gagner.
6:40 of 3rd period - Shot Blocked by Justin Braun.
6:55 of 3rd period - Icing by Justin Braun.
6:56 of 3rd period - Joe Thornton wins face-off versus Brent Burns in Canucks zone.
8:50 of 3rd period - Shot by Phil Kessel.
8:50 of 3rd period - Shot Misses the Net.
8:58 of 3rd period - Shot by Logan Couture.
8:58 of 3rd period - Stopped by Roberto Luongo with a rebound.
9:00 of 3rd period - Shot by Ryan OReilly.
9:00 of 3rd period - Shot Misses the Net.
9:03 of 3rd period - Minor Penalty to Mark Fraser for Hooking.
9:04 of 3rd period - Andrew Cogliano wins face-off versus Logan Couture in RedWings zone.
9:18 of 3rd period - Shot by P.K. Subban.
9:18 of 3rd period - Shot Blocked by Jake Gardiner.
9:50 of 3rd period - Phil Kessel is hit by Alexandre Burrows and loses puck.
10:05 of 3rd period - Shot by Joe Thornton.
10:05 of 3rd period - Shot Misses the Net.
10:07 of 3rd period - Shot by Eric Brewer.
10:07 of 3rd period - Shot Misses the Net.
10:13 of 3rd period - Shot by Joe Thornton.
10:13 of 3rd period - Shot Blocked by Erik Karlsson.
10:20 of 3rd period - Icing by Brent Burns.
10:21 of 3rd period - Phil Kessel wins face-off versus Andrew Cogliano in Canucks zone.
11:37 of 3rd period - Erik Haula is hit by Jonas Brodin and loses puck.
11:48 of 3rd period - Eric Brewer is hit by Vladimir Sobotka and loses puck.
12:15 of 3rd period - Shot by Claude Giroux.
12:15 of 3rd period - Shot Blocked by Eric Brewer.
12:17 of 3rd period - Shot by Claude Giroux.
12:17 of 3rd period - Goal by Claude Giroux - RedWings : 3 - Canucks : 4.
12:18 of 3rd period - Chris Kreider wins face-off versus Sean Monahan in neutral zone.
12:24 of 3rd period - Icing by Paul Martin.
12:25 of 3rd period - Sean Monahan wins face-off versus Nazem Kadri in RedWings zone.
12:25 of 3rd period - Sean Monahan is hit by Chris Kreider.
12:56 of 3rd period - Shot by Nazem Kadri.
12:56 of 3rd period - Shot Blocked by Paul Martin.
13:02 of 3rd period - Shot by Brent Burns.
13:02 of 3rd period - Stopped by Roberto Luongo without a rebound.
13:03 of 3rd period - Joe Thornton wins face-off versus Claude Giroux in RedWings zone.
13:03 of 3rd period - Joe Thornton is hit by Claude Giroux.
13:47 of 3rd period - Shot by Claude Giroux.
13:47 of 3rd period - Shot Blocked by Eric Brewer.
14:14 of 3rd period - Shot by Erik Karlsson.
14:14 of 3rd period - Stopped by Roberto Luongo without a rebound.
14:15 of 3rd period - Nazem Kadri wins face-off versus Sam Gagner in RedWings zone.
14:24 of 3rd period - Shot by Brent Burns.
14:24 of 3rd period - Shot Misses the Net.
14:26 of 3rd period - Shot by Nazem Kadri.
14:26 of 3rd period - Shot Blocked by Paul Martin.
16:22 of 3rd period - Shot by Claude Giroux.
16:22 of 3rd period - Shot Misses the Net.
16:29 of 3rd period - Shot by Claude Giroux.
16:29 of 3rd period - Shot Blocked by Jake Gardiner.
18:01 of 3rd period - Alex Pietrangelo is hit by Alexandre Burrows and loses puck.
18:52 of 3rd period - Shot by Nazem Kadri.
18:52 of 3rd period - Stopped by Roberto Luongo without a rebound.
18:53 of 3rd period - Logan Couture wins face-off versus Joe Thornton in RedWings zone.
18:54 of 3rd period - Shot by Phil Kessel.
18:54 of 3rd period - Stopped by Roberto Luongo without a rebound.
18:55 of 3rd period - Logan Couture wins face-off versus Joe Thornton in RedWings zone.
18:56 of 3rd period - Shot by Jonas Brodin.
18:56 of 3rd period - Shot Misses the Net.
18:58 of 3rd period - Shot by Justin Braun.
18:58 of 3rd period - Stopped by Roberto Luongo with a rebound.
19:26 of 3rd period - RedWings, Roberto Luongo is pulled from the net.
19:51 of 3rd period - Off-side.
19:52 of 3rd period - Ryan Johansen wins face-off versus Joe Thornton in neutral zone.
19:59 of 3rd period - Shot by Jonas Brodin.
19:59 of 3rd period - Goal by Jonas Brodin - RedWings : 3 - Canucks : 5.
19:59 of 3rd period - Roberto Luongo from RedWings was sent back in the game.
Goals for this period are 0 for RedWings vs 2 for Canucks.
Shots for this period are 1 for RedWings vs 15 for Canucks.


Output by the SimonT Hockey Simulator (STHS) for Stephane Roy -- Original Page W3C XHTML 1.0 Valid
Hockey Simulator - Hockey Simulation - Hockey Manager